 Dungeon Crawl Stone Soup version 0.30-a0-777-ga9a30cbeda (webtiles) character file.

Game seed: 5988620369347725800

1193 Zenkrye the Spear-Bearer (level 8, -1/58 HPs)
             Began as a Human Cinder Acolyte on Feb 13, 2023.
             Was a High Priest of Ignis.
             Succumbed to their own poison gas
             ... on level 5 of the Dungeon.
             The game lasted 00:13:24 (5095 turns).

Zenkrye the Spear-Bearer (Human Cinder Acolyte)     Turns: 5095, Time: 00:13:25

Health: -1/58      AC:  7    Str: 17    XL:     8   Next: 71%
Magic:  1/11       EV: 15    Int: 14    God:    Ignis [*****.]
Gold:   351        SH:  0    Dex:  9    Spells: 9/11 levels left

rFire   + . .      SeeInvis .    a - +0 spear (flame)
rCold   . . .      Faith    .    (no shield)
rNeg    . . .      Spirit   .    k - +0 ring mail
rPois   .          Reflect  .    (no helmet)
rElec   .          Harm     .    l - +0 cloak
rCorr   .          Rampage  .    d - +0 pair of gloves
Will    .....                    (no boots)
Stlth   +                        (no amulet)
HPRegen 0.29/turn                v - +5 ring of evasion
MPRegen 0.12/turn                (no ring)

@: lethally poisoned (-1 -> -20)
A: no striking features
a: Renounce Religion, Fiery Armour, Foxfire Swarm, Rising Flame


You were on level 5 of the Dungeon.
You worshipped Ignis.
Ignis was extremely pleased with you.
You visited 1 branch of the dungeon, and saw 7 of its levels.

You collected 351 gold pieces.

Inventory:

Hand Weapons
 a - a +0 spear of flaming (weapon)
 n - the +5 dagger of Luplaf {spect, Drain Will+ MP+9 Str+2}
   (You took it off an orc on level 4 of the Dungeon)

   Str:       It affects your strength (+2).
   MP:        It affects your magic capacity (+9).
   Drain:     It drains your maximum health when unequipped.
   Will:      It increases your willpower.
 p - the +12 sling of Equilibrium {antimagic, Dex+4}
   (You found it on level 3 of the Dungeon)

   Dex:       It affects your dexterity (+4).
Missiles
 f - a boomerang (quivered)
 u - 2 javelins
Armour
 b - a +0 robe
 d - a +0 pair of gloves (worn)
 k - a +0 ring mail (worn)
 l - a +0 cloak (worn)
Magical Staves
 t - a staff of earth
Jewellery
 r - a ring of resist corrosion
 v - a +5 ring of evasion (left hand)
Wands
 w - a wand of polymorph (2)
Scrolls
 c - 2 scrolls of vulnerability
 i - 5 scrolls of identify {@r1}
 m - 3 scrolls of poison
 s - a scroll of silence {unknown}
Potions
 e - 2 potions of haste {unknown}
 g - a potion of flight
 j - 2 potions of magic {unknown}
 q - 3 potions of might {unknown}


   Skills:
 + Level 3.4 Fighting
 * Level 8.8 Polearms
 + Level 1.3 Dodging
 + Level 1.4 Stealth
 - Level 2.0 Spellcasting
 - Level 5.0 Fire Magic


You had 9 spell levels left.
You knew the following spells:

 Your Spells              Type           Power      Damage    Failure   Level
a - Scorch                Fire           30%        2d6       9%          2

Your spell library contained the following spells:

 Spells                   Type           Power      Damage    Failure   Level
 Apportation              Tloc           2%         N/A       41%         1
 Magic Dart               Conj           4%         1d3       41%         1
 Inner Flame              Hex/Fire       8%         N/A       43%         3
 Searing Ray              Conj           2%         2d4       54%         2
 Gell's Gravitas          Tloc           1%         N/A       78%         3
 Teleport Other           Tloc           1%         N/A       78%         3
 Flame Wave               Conj/Fire      8%         2d5       83%         4
 Sticky Flame             Conj/Fire      8%         2d3       83%         4
 Fulminant Prism          Conj/Hex       0%         3d5       99%         4
 Alistair's Intoxication  Tmut/Pois      0%         N/A       100%        5
 Dispersal                Tloc           0%         N/A       100%        6


Dungeon Overview and Level Annotations

Branches:
Dungeon (7/15)             Temple (0/1) D:4

Altars:
Elyvilon
Qazlal
Trog

Annotations:
D:4 3 runed translucent doors, MrSquiggles's ghost, amateur DsBe
D:7 Prince Ribbit


Message History

You barely miss the orc warrior.
You hit the orc warrior but do no damage.
The orc warrior hits you with a +2 vampiric hand axe!
* * * LOW HITPOINT WARNING * * *
You feel better. The orc warrior barely misses you.
As you read the scroll labelled IDGHOI VUQINYI, it crumbles to dust.
You feel aware of your surroundings.
It was a scroll of magic mapping.
The orc warrior hits you with a +2 vampiric hand axe!
* * * LOW HITPOINT WARNING * * *
The orc warrior attacks as you move away!
The orc warrior hits you with a +2 vampiric hand axe!
* * * LOW HITPOINT WARNING * * *
The orc warrior attacks as you move away!
The orc warrior hits you with a +2 vampiric hand axe.
* * * LOW HITPOINT WARNING * * *
You feel better.
The orc warrior hits you with a +2 vampiric hand axe.
* * * LOW HITPOINT WARNING * * *
Your magical contamination has completely faded away.
Unknown command.
You feel better. The orc warrior closely misses you.
Really read the scroll of poison?
The air fills with toxic fumes!
As you read the scroll of poison, it crumbles to dust.
The orc warrior closely misses you.
Really walk into that cloud of poison gas?
You are engulfed in poison gas.
You are lethally poisoned!
* * * LOW HITPOINT WARNING * * *
* * * LOW HITPOINT WARNING * * *
You feel very sick.
There is a stone staircase leading up here.
You are engulfed in poison gas.
You are more poisoned.
* * * LOW HITPOINT WARNING * * *
You feel extremely sick.
You feel better.
You are engulfed in poison gas.
You are lethally poisoned!
* * * LOW HITPOINT WARNING * * *
You die...

*,#.#.##.# ##'#####.#....#....
*,#.#..#.# #§§§§§§#.####.#.###
*,#.##.#.### #§§§§§§#....#.#....
*,#.#......# #§§§§§§####.#[#.###
*,#.#....#.# #§§§§§§# #.#.#....
,,#.######§####§§§§§§# #.#.#.#.#
###......§§§§§§§§§§§§# #.#.#.#.#
........##.#§§§§§§§§§# #.#.#...#
####.......#§.o§@§§§§####.#[#####
#)#...§§§§§§#§§§§§§....#......
#.#######§§.#################.
#......§§§....................
#########..####..........####.
#.....+..........# #. ######
##.####..........# ## .....# #.#
#..........# ...#.# #.#
#<.........#


You could see an orc warrior.

Vanquished Creatures
  An ogre (D:5)
  3 ice beasts
  2 phantoms
  2 bullfrogs
  3 necrophages
  A scorpion (D:6)
  A hound (D:4)
  A jelly (D:4)
  An iguana (D:5)
  10 adders
  A white imp (D:5)
  A worm (D:2)
  2 dart slugs
  9 orcs
  5 bats
  10 endoplasms
  3 giant cockroaches
  11 goblins
  8 hobgoblins
  7 jackals
  4 kobolds
  5 quokkas
  9 ball pythons
  5 frilled lizards
  7 rats
112 creatures vanquished.

Vanquished Creatures (others)
  A plant (D:5)
1 creature vanquished.

Grand Total: 113 creatures vanquished

Notes
Turn   | Place    | Note
-------+----------+-------------------------------------------
     0 | D:1      | Zenkrye the Human Cinder Acolyte began the quest for the
                  | Orb.
     0 | D:1      | Reached XP level 1. HP: 18/18 MP: 2/2
    77 | D:1      | Reached XP level 2. HP: 19/24 MP: 3/3
    80 | D:1      | Learned a level 2 spell: Scorch
   454 | D:1      | Reached XP level 3. HP: 29/29 MP: 4/4
  1192 | D:2      | Reached XP level 4. HP: 30/35 MP: 5/5
  1726 | D:2      | Reached skill level 4 in Polearms
  1944 | D:2      | Reached XP level 5. HP: 41/41 MP: 4/7
  2530 | D:3      | Found a stormy altar of Qazlal.
  2537 | D:3      | Found a bloodstained altar of Trog.
  2537 | D:3      | Found a white marble altar of Elyvilon.
  2668 | D:3      | Reached XP level 6. HP: 43/47 MP: 1/9
  2913 | D:3      | Identified the +12 sling of Equilibrium {antimagic, Dex+4}
  3021 | D:4      | Identified the +5 dagger of Luplaf {spect, Drain Will+ MP+9
                  | Str+2}
  3143 | D:4      | Reached skill level 5 in Fire Magic
  3154 | D:4      | Reached skill level 5 in Polearms
  3250 | D:4      | Found a staircase to the Ecumenical Temple.
  3261 | D:4      | Found a runed translucent gate.
  3261 | D:4      | Found a runed translucent gate.
  3261 | D:4      | Found a runed translucent gate.
  3263 | D:4      | Noticed MrSquiggles's ghost (amateur DsBe)
  3753 | D:5      | Entered Level 5 of the Dungeon
  3762 | D:4      | Reached XP level 7. HP: 42/52 MP: 1/10
  3906 | D:5      | Reached skill level 6 in Polearms
  4246 | D:5      | Reached skill level 7 in Polearms
  4517 | D:5      | You fall into a shaft and drop 2 floors!
  4544 | D:7      | Reached XP level 8. HP: 58/58 MP: 1/11
  4549 | D:7      | Reached skill level 8 in Polearms
  4662 | D:7      | Noticed Prince Ribbit
  4703 | D:6      | Reached skill level 1 in Dodging
  4703 | D:6      | Reached skill level 1 in Stealth
  5089 | D:5      | HP: 1/58 [orc warrior/+2 vampiric hand axe (4)]
  5095 | D:5      | Succumbed to their own poison gas

Illustrated notes

Levels and vault maps discovered:
D:1:      heliophobic_arrival_glass_houses, layout_loops_ring
D:2:      minmay_alternating_diamond, layout_basic
D:3:      layout_basic, minitemple
D:4:      layout_basic, temple_fountains, gammafunk_ghost_nasty_kobolds
D:5:      layout_basic, wad_woods_river_04, kennysheep_nondescript
D:6:      layout_basic, nicolae_hepliaklqana_hazy_memory, uniq_maggie
D:7:      layout_basic, chequers_ossuary_entry_cave, enter_bailey_2,
          minmay_joined_circles, uniq_prince_ribbit1

Skill      XL: |  1  2  3  4  5  6  7  8 |
---------------+-------------------------+-----
Fire Magic     | 4 5 |  5.0
Polearms       | 4 5 7 8 |  8.8
Spellcasting   | 2 |  2.0
Dodging        | 1 |  1.3
Stealth        | 1 |  1.4
Fighting       | |  3.4

Action                     |  1- 3 |  4- 6 |  7- 9 || total
---------------------------+-------+-------+-------++-------
  Melee: Spear             |   141 |   136 |    46 ||   323
         Punch             |     1 |       |     1 ||     2
   Fire: Sling             |       |    28 |    54 ||    82
   Cast: Scorch            |     5 |    18 |     9 ||    32
    Use: Scroll            |     3 |     7 |     3 ||    13
         Potion            |       |       |     4 ||     4
 Armour: Robe              |    27 |    20 |       ||    47
         Ring mail         |       |    15 |    23 ||    38
  Dodge: Dodged            |    62 |    83 |    44 ||   189

Table legend: (Time is in decaauts)
 A = Elapsed time spent in this place.
 B = Non-inter-level travel time spent in this place.
 C = Inter-level travel time spent in this place.
 D = Time resting spent in this place.
 E = Time spent auto-exploring this place.
 F = Levels seen in this place.
 G = Mean time per level.
                   A        B        C        D        E       F      G
               +--------+--------+--------+--------+--------+-----+--------+
         Total |   5102 |   4909 |    193 |    410 |   3645 |   7 |  728.9 |
       Dungeon |   5102 |   4909 |    193 |    410 |   3645 |   7 |  728.9 |
               +--------+--------+--------+--------+--------+-----+--------+

Top non-repeatable levels by time:
     D:1: 1124 daAuts
     D:2: 1094 daAuts
     D:4: 1061 daAuts
     D:5: 772 daAuts
     D:3: 714 daAuts
     D:6: 179 daAuts
     D:7: 156 daAuts
